 Dungeon Crawl Stone Soup version 0.19-a0-2242-gc784e87 (webtiles) character file.

220 JeffiDaFish the Shield-Bearer (level 5, -3/33 HPs)
             Began as a Gargoyle Fighter on Mar 25, 2017.
             Slain by Grinder (5 damage)
             ... on level 4 of the Dungeon.
             The game lasted 00:04:02 (2328 turns).

JeffiDaFish the Shield-Bearer (Gargoyle Fighter)    Turns: 2328, Time: 00:04:03

Health: -3/33      AC: 13 (46%)Str: 20    XL:     5   Next: 97%
Magic:  5/5        EV:  6    Int:  8      God:
Gold:   174        SH:  9    Dex:  8 (10) Spells: 4/4 levels left

rFire    . . .     SeeInvis .   a - +0 flail
rCold    . . .     Faith    .   h - +0 chain mail
rNeg     + . .     Spirit   .   c - +0 shield
rPois    ∞         Reflect  .   (no helmet)
rElec    +                      (no cloak)
rCorr    .                      (no gloves)
MR       .....                  (no boots)
Stlth    ..........             (no amulet)
Regen    0.2/turn               (no ring)
MPRegen  0.2/turn               (no ring)

@: exhausted, slowed, very slow
A: negative energy resistance 1, electricity resistance, unbreathing,
petrification resistance, rot immunity, AC +4
a: no special abilities


You were on level 4 of the Dungeon.
You were not hungry.

You visited 1 branch of the dungeon, and saw 4 of its levels.

You collected 174 gold pieces.

Inventory:

Hand Weapons
 a - a +0 flail (weapon)
Armour
 c - a +0 shield (worn)
 h - a +0 chain mail (worn)
Scrolls
 b - 2 scrolls of amnesia
 e - 2 scrolls of blinking
 l - a scroll of teleportation
 n - a scroll of magic mapping
Potions
 d - a potion of might
 f - 2 potions of agility
 g - a potion of ambrosia
 j - a potion of invisibility
 m - a potion of flight


   Skills:
 + Level 4.1 Fighting
 + Level 3.2 Maces & Flails
 + Level 4.1 Armour
 + Level 1.0 Dodging
 + Level 0.2 Stealth
 + Level 4.9 Shields


You had 4 spell levels left.
You didn't know any spells.

Dungeon Overview and Level Annotations

Branches:
Dungeon (4/15)
 Temple: D:4-7         Lair: D:-1         Crypt: Vaults:-1     Tomb: Vaults:-1

Altars:

Annotations:
D:4 Grinder


Innate Abilities, Weirdness & Mutations

You are resistant to torment.
Your stone body is resilient. (AC +4)
You are immune to poison.
You resist negative energy. (rN+)
You are resistant to electric shocks. (rElec)
You can survive without breathing.
You are immune to petrification.
You are immune to rotting.


Message History

Found an uncursed ring of flight.
You closely miss Grinder.
Grinder is moderately wounded.
You block Grinder's attack.
You hit Grinder but do no damage.
Grinder is moderately wounded.
You block Grinder's attack. Grinder hits you (1).
* * * LOW HITPOINT WARNING * * *
You writhe in agony (2).
* * * LOW HITPOINT WARNING * * *
Your shield and chain mail prevent you from hitting Grinder.
Grinder is moderately wounded.
Grinder gestures at you. Pain shoots through your body (4)!
* * * LOW HITPOINT WARNING * * *
You block Grinder's attack.
You closely miss Grinder.
Grinder is moderately wounded.
Grinder barely misses you. Grinder hits you (5).
You die...

#....##.#
#.##.##.####
#..........#
#..#.##.##.#
#..#.##.##.# #
#..#.##.##.#####.#
#..#.#.....<.....#
#..#.#..##.#######
#@.#.#..##.#
......5....#..##.#
.=...............#
.##.######........
# #.#.####. #.#.#
. # #


You could see Grinder.

Vanquished Creatures
  A howler monkey (D:3)
  A quasit (D:4)
  5 adders
  3 oozes
  2 orcs (D:3)
  7 quokkas
  5 giant cockroaches
  9 hobgoblins
  9 jackals
  2 ball pythons
  8 bats
  7 frilled lizards
  5 goblins
  11 kobolds
  11 rats
86 creatures vanquished.

Notes
Turn   | Place    | Note
-------+----------+-------------------------------------------
     0 | D:1      | JeffiDaFish the Gargoyle Fighter began the quest for the Orb.
     0 | D:1      | Reached XP level 1. HP: 14/14 MP: 1/1
   275 | D:1      | Reached XP level 2. HP: 17/19 MP: 2/2
   461 | D:1      | Reached XP level 3. HP: 23/23 MP: 3/3
  1231 | D:2      | Reached XP level 4. HP: 22/29 MP: 4/4
  1675 | D:3      | Reached XP level 5. HP: 24/33 MP: 5/5
  2198 | D:4      | Reached skill level 1 in Dodging
  2292 | D:4      | Noticed Grinder
  2298 | D:4      | Paralysed by Grinder for 7 turns
  2310 | D:4      | Paralysed by Grinder for 4 turns
  2328 | D:4      | Slain by Grinder

Vault maps used:
D:1:      lemuel_arrival_river_ford, minmay_misc_feat_plants, minmay_tall_x
D:2:      hex_tiny
D:4:      uniq_crazy_yiuf_cottage, uniq_pikel, uniq_grinder

Skill      XL: |  1  2  3  4  5 |
---------------+----------------+-----
Shields        | 4 |  4.9
Armour         | 4 |  4.1
Fighting       | 4 |  4.1
Maces & Flails | 3 |  3.2
Dodging        | 1 |  1.0
Stealth        | |  0.2

Action                   |  1- 3 |  4- 6 || total
-------------------------+-------+-------++-------
Melee: Flail             |   204 |   239 ||   443
  Use: Potion            |       |     2 ||     2
Armor: Chain mail        |   121 |   259 ||   380
       Scale mail        |    12 |       ||    12
Dodge: Dodged            |    56 |    85 ||   141
Block: Shield            |   125 |   198 ||   323
